 Dungeon Crawl Stone Soup version 0.27-a0-760-gc38aae387d (webtiles) character file.

Game seed: 1032417994897421075

98 Hasart the Stinger (level 4, -5/25 (27) HPs)
             Began as an Octopode Venom Mage on Mar 24, 2021.
             Slain by Grinder (6 damage)
             ... while paralysed by Grinder
             ... on level 3 of the Dungeon.
             The game lasted 00:05:11 (2564 turns).

Hasart the Stinger (Octopode Venom Mage)            Turns: 2564, Time: 00:05:12

HP:   -5/25 (27)    AC:  1    Str:  7    XL:     4   Next: 71%
MP:   6/8           EV:  2    Int: 18    God:
Gold: 39            SH:  0    Dex: 12    Spells: 7/8 levels left

rFire    . . .     SeeInvis .   a - +0 spear
rCold    . . .     Faith    .   (no shield)
rNeg     . . .     Spirit   .   (helmet restricted)
rPois    .         Reflect  .   b - amulet of the acrobat
rElec    .         Harm     .   (no ring)
rCorr    .         Rampage  .   (no ring)
Will     .....                  (no ring)
Stlth    +++.......             (no ring)
HPRegen  0.08/turn              (no ring)
MPRegen  0.11/turn              (no ring)
                                (no ring)
                                (no ring)

@: paralysed, drained
A: almost no armour, amphibious, 8 rings, camouflage 1, gelatinous body 1,
nimble swimmer 1, tentacles
a: no special abilities


You were on level 3 of the Dungeon.
You visited 1 branch of the dungeon, and saw 3 of its levels.

You collected 39 gold pieces.

Inventory:

Hand Weapons
 a - a +0 spear (weapon)
Jewellery
 b - an amulet of the acrobat (around mantle)
Wands
 k - a wand of acid (4)
Scrolls
 f - 2 scrolls of immolation {unknown}
 h - a scroll of silence {unknown}
 m - a scroll of fear {unknown}
Potions
 c - 2 potions of attraction {unknown}
 d - a potion of cancellation {unknown}
 e - a potion of heal wounds {unknown}
 g - a potion of magic {unknown}
 i - a potion of invisibility {unknown}
 j - a potion of flight {unknown}
 l - a potion of berserk rage {unknown}


   Skills:
 - Level 0.1 Fighting
 - Level 0.6 Polearms
 + Level 2.3 Dodging
 - Level 3.0 Stealth
 + Level 2.8 Spellcasting
 + Level 2.0 Transmutations
 * Level 4.7 Poison Magic


You had 7 spell levels left.
You knew the following spells:

 Your Spells              Type           Power      Damage    Failure   Level
a - Sting                 Tmut/Pois      56%        1d5       4%          1

Your spell library contained the following spells:

 Spells                   Type           Power      Damage    Failure   Level
 Poisonous Vapours        Pois/Air       22%        N/A       10%         2
 Ignite Poison            Fire/Tmut/Pois 10%        N/A       21%         3
 Olgreb's Toxic Radiance  Pois           19%        N/A       24%         4
 Mephitic Cloud           Conj/Pois/Air  8%         N/A       26%         3


Dungeon Overview and Level Annotations

Branches:
Dungeon (3/15)

Altars:

Annotations:
D:3 1 transporter, Grinder


Innate Abilities, Weirdness & Mutations

You cannot wear most types of armour.
You are amphibious.
You can wear up to eight rings at the same time.
Your skin changes colour to match your surroundings (Stealth+).
Your rubbery body absorbs attacks. (AC +1, EV +1)
You are stealthy while swimming. (Stealth+)
You have tentacles for arms and can constrict up to eight enemies at once.


Message History

You hit the adder.
You kill the adder!
You feel sick.
Your Transmutations skill increases to level 2!
You feel sick.
Grinder shouts!
Grinder blinks!
Found 2 gold pieces.
Found an escape hatch in the ceiling.
You feel sick.
You are no longer poisoned.
Grinder blinks!
Grinder gestures at you.
You suddenly lose the ability to move!
Found 7 boomerangs.
Grinder says, "DUCK!"
You can move again.
You hear the slow rusting of a very distant drain.
Found a dagger.
Grinder completely misses you.
Casting: Sting (safe; 4% risk of failure)
Confirm with . or Enter, or press ? or * to list all spells.
Aiming: Sting (safe; 4% risk of failure)
Press: ? - help, Shift-Dir - straight line, f - Grinder
Aim: Grinder (32% to evade)
The sting hits Grinder.
Grinder partially resists.
Grinder is poisoned.
Grinder is lightly wounded.
Grinder closely misses you.
Unknown command.
Casting: Sting (safe; 4% risk of failure)
Confirm with . or Enter, or press ? or * to list all spells.
Aiming: Sting (safe; 4% risk of failure)
Press: ? - help, Shift-Dir - straight line, f/p - Grinder
Aim: Grinder (poisoned, 32% to evade)
The sting misses Grinder.
Grinder gestures at you.
You suddenly lose the ability to move!
Grinder hits you!
* * * LOW HITPOINT WARNING * * *
Grinder hits you.
You die...

#.#≈...≈
############.#≈...≈#.
.)..<.....##.#≈...≈#.
..........##.###+###.
....$.....##.#P./.P#.
..........##.#8.©.8#.
...........#.#######.
......5....#....©....
..(....@..........##
...........##....##
..........###.#### .
..........###.########..
#####+####..............
#........)...#
#............#
#...†........#
#.......(....#


You could see Grinder (poisoned).

Vanquished Creatures
  A killer bee zombie (D:2)
  3 adders
  A worm (D:2)
  2 dart slugs (D:1)
  3 endoplasms
  5 hobgoblins
  3 jackals (D:1)
  2 quokkas
  4 ball pythons
  5 bats
  2 frilled lizards
  2 goblins
  6 kobolds
  8 rats
47 creatures vanquished.

Notes
Turn   | Place    | Note
-------+----------+-------------------------------------------
     0 | D:1      | Hasart the Octopode Venom Mage began the quest for the Orb.
     0 | D:1      | Reached XP level 1. HP: 11/11 MP: 3/3
   318 | D:1      | Reached skill level 4 in Poison Magic
   323 | D:1      | Reached XP level 2. HP: 17/17 MP: 0/5
   999 | D:1      | Reached XP level 3. HP: 20/21 MP: 4/6
  1252 | D:1      | You fall into a shaft and drop 1 floor!
  1567 | D:2      | Reached XP level 4. HP: 27/27 MP: 5/7
  1664 | D:2      | Found a faded altar of an unknown god.
  2539 | D:3      | Found a transporter.
  2541 | D:3      | Noticed Grinder
  2557 | D:3      | Paralysed by Grinder for 2 turns
  2562 | D:3      | Paralysed by Grinder for 6 turns
  2563 | D:3      | HP: 1/25 [Grinder (10)]
  2564 | D:3      | Slain by Grinder

Illustrated notes

Levels and vault maps discovered:
D:1:      lemuel_arrival_behind_the_door_large, layout_loops_ring
D:2:      layout_loops_ring, chequers_ecumenical_altar_island
D:3:      gammafunk_steamed_eel, layout_basic, cheibrodos_sewer_entry_sluice,
          solitary_fountain, uniq_grinder

Skill      XL: |  1  2  3  4 |
---------------+-------------+-----
Poison Magic   | 4 |  4.7
Stealth        | 3 |  3.0
Transmutations | 2 |  2.0
Fighting       | |  0.1
Polearms       | |  0.6
Dodging        | |  2.3
Spellcasting   | |  2.8

Action                   |  1- 3 |  4- 6 || total
-------------------------+-------+-------++-------
Melee: Spear             |    29 |    45 ||    74
       Constrict         |     8 |     5 ||    13
       Tentacles         |     4 |     3 ||     7
 Cast: Sting             |    39 |    21 ||    60
 Stab: Sleeping          |     1 |     1 ||     2
Armor: Skin              |     3 |     2 ||     5
Dodge: Dodged            |    36 |    44 ||    80

Table legend: (Time is in decaauts)
 A = Elapsed time spent in this place.
 B = Non-inter-level travel time spent in this place.
 C = Inter-level travel time spent in this place.
 D = Time resting spent in this place.
 E = Time spent auto-exploring this place.
 F = Levels seen in this place.
 G = Mean time per level.
                   A        B        C        D        E       F      G
               +--------+--------+--------+--------+--------+-----+--------+
         Total |   2568 |   2558 |     10 |      0 |   2162 |   3 |  856.0 |
       Dungeon |   2568 |   2558 |     10 |      0 |   2162 |   3 |  856.0 |
               +--------+--------+--------+--------+--------+-----+--------+

Top non-repeatable levels by time:
     D:2: 1260 daAuts
     D:1: 1253 daAuts
     D:3: 54 daAuts
